 Dungeon Crawl Stone Soup version 0.29-a0-284-gf9362112df (webtiles) character file.

Game seed: 8821823094013235724

15 testman the Bolt Thrower (level 2, -3/17 HPs)
             Began as a Kobold Arcane Marksman on Mar 17, 2022.
             Slain by Sigmund
             ... wielding a +0 scythe
              (12 damage)
             ... on level 2 of the Dungeon.
             The game lasted 00:02:37 (1009 turns).

testman the Bolt Thrower (Kobold Arcane Marksman)   Turns: 1009, Time: 00:02:38

Health: -3/17      AC:  2    Str:  7    XL:     2   Next: 65%
Magic:  3/3        EV: 15    Int: 14    God:
Gold:   64         SH:  0    Dex: 15    Spells: 2/3 levels left

rFire   . . .      SeeInvis .   a - +0 hand crossbow
rCold   . . .      Faith    .   (no shield)
rNeg    . . .      Spirit   .   b - +0 robe
rPois   .          Reflect  .   (no helmet)
rElec   .          Harm     .   (no cloak)
rCorr   .          Rampage  .   (no gloves)
Will    .....                   (no boots)
Stlth   ++........              (no amulet)
HPRegen 0.05/turn               (no ring)
MPRegen 0.08/turn               (no ring)

@: no status effects
A: small, no large weapons, nightstalker 3
a: no special abilities


You were on level 2 of the Dungeon.
You visited 1 branch of the dungeon, and saw 2 of its levels.

You collected 64 gold pieces.

Inventory:

Hand Weapons
 a - a +0 hand crossbow (weapon)
Missiles
 j - a throwing net
Armour
 b - a +0 robe (worn)
Scrolls
 c - a scroll of vulnerability
 e - a scroll of identify {unknown}
 f - a scroll of fog {unknown}
 h - a scroll of noise {unknown}
 i - a scroll of holy word {unknown}
 k - a scroll of teleportation {unknown}
 m - a scroll of blinking {unknown}
Potions
 d - a potion of cancellation {unknown}
 g - 2 potions of magic {unknown}
 l - a potion of curing {unknown}


   Skills:
 + Level 2.0 Fighting
 + Level 3.4 Crossbows
 - Level 2.4 Dodging
 - Level 1.1 Spellcasting
 - Level 3.0 Hexes


You had 2 spell levels left.
You knew the following spells:

 Your Spells              Type           Power      Damage    Failure   Level
a - Slow                  Hex            36%        N/A       8%          1

Your spell library contained the following spells:

 Spells                   Type           Power      Damage    Failure   Level
 Animate Skeleton         Necr           0%         N/A       26%         1
 Apportation              Tloc           0%         N/A       26%         1
 Summon Small Mammal      Summ           0%         N/A       26%         1
 Inner Flame              Hex/Fire       4%         N/A       38%         3
 Portal Projectile        Hex/Tloc       8%         N/A       38%         3
 Cause Fear               Hex            4%         N/A       58%         4


Dungeon Overview and Level Annotations

Branches:
Dungeon (2/15)

Altars:

Annotations:
D:2 Sigmund


Innate Abilities, Weirdness & Mutations

You are small and have problems with some larger weapons.
You are completely attuned to the shadows.


Message History

Sigmund points at you and mumbles some strange words.
The puff of flame hits you!
Ouch! That really hurt!
* * * LOW HITPOINT WARNING * * *
You see here a +0 dagger.
Magic restored.
There is a stone staircase leading up here.
You climb upwards.
There is a stone staircase leading down here.
You start resting.
HP restored.
You climb downwards.
Level annotation: Sigmund
There is a stone staircase leading up here.
Sigmund is nearby!
You shoot a bolt.
Sigmund shouts!
The bolt hits Sigmund.
Sigmund is lightly wounded.
Sigmund completely misses you.
You shoot a bolt. The bolt hits Sigmund.
Sigmund is moderately wounded.
Sigmund gestures at you while chanting. You resist with significant effort.
You shoot a bolt.
The bolt hits Sigmund but does no damage.
Sigmund is moderately wounded.
Sigmund misses you.
You shoot a bolt. The bolt hits Sigmund.
Sigmund is heavily wounded.
Sigmund hits you from afar with a +0 scythe.
You shoot a bolt. The bolt hits Sigmund.
Sigmund is severely wounded.
Sigmund casts a spell at you. The magic dart hits you.
You shoot a bolt. The bolt hits Sigmund!
Sigmund is almost dead.
Sigmund hits you from afar with a +0 scythe!
Ouch! That really hurt!
You die...

#.# #.# #.# #.# #.# #.#
#.# #.# #@# #.###########
#########.# #.#<........#
##......##.# #.#########.#
..!...>.##.###@#########.#
##..........##..@........#
####..###################
.....# ####.# #.# #.#


You could see Sigmund.

Vanquished Creatures
  3 endoplasms (D:1)
  A giant cockroach (D:2)
  A hobgoblin (D:1)
  2 kobolds (D:1)
  A frilled lizard (D:1)
  3 goblins
  3 rats (D:1)
14 creatures vanquished.

Notes
Turn   | Place    | Note
-------+----------+-------------------------------------------
     0 | D:1      | testman the Kobold Arcane Marksman began the quest for the
                  | Orb.
     0 | D:1      | Reached XP level 1. HP: 12/12 MP: 2/2
   219 | D:1      | Reached XP level 2. HP: 16/16 MP: 3/3
   503 | D:1      | Found a faded altar of an unknown god.
   663 | D:2      | Noticed Sigmund
  1009 | D:2      | Slain by Sigmund

Illustrated notes

Levels and vault maps discovered:
D:1:      dpeg_arrival_stonehenge_8_columns, layout_basic,
          hellmonk_ecumenical_altar_leap_of_faith
D:2:      layout_basic, uniq_sigmund, uniq_terence

Skill      XL: |  1  2 |
---------------+-------+-----
Crossbows      | 3 |  3.4
Fighting       | 2 |  2.0
Dodging        | |  2.4
Spellcasting   | |  1.1
Hexes          | |  3.0

Action                   || total
-------------------------++-------
 Fire: Hand crossbow     ||    45
 Cast: Slow              ||     3
Dodge: Dodged            ||     8

Table legend: (Time is in decaauts)
 A = Elapsed time spent in this place.
 B = Non-inter-level travel time spent in this place.
 C = Inter-level travel time spent in this place.
 D = Time resting spent in this place.
 E = Time spent auto-exploring this place.
 F = Levels seen in this place.
 G = Mean time per level.
                   A        B        C        D        E       F      G
               +--------+--------+--------+--------+--------+-----+--------+
         Total |   1024 |   1012 |     12 |    260 |    599 |   2 |  512.0 |
       Dungeon |   1024 |   1012 |     12 |    260 |    599 |   2 |  512.0 |
               +--------+--------+--------+--------+--------+-----+--------+

Top non-repeatable levels by time:
     D:1: 876 daAuts
     D:2: 148 daAuts
